 Dungeon Crawl Stone Soup version 0.24.0-13-gcf9b3192b9 (webtiles) character file.

Game seed: 1700282482837165542, levelgen mode: deterministic

382 Mrkan the Chopper (level 6, -1/56 HPs)
             Began as a Hill Orc Monk on Nov 5, 2019.
             Was a Priest of Zin.
             Slain by a phantom (3 damage)
             ... on level 4 of the Dungeon.
             The game lasted 00:07:21 (3979 turns).

Mrkan the Chopper (Hill Orc Monk)                   Turns: 3979, Time: 00:07:22

Health: -1/56      AC: 12    Str: 24    XL:     6   Next: 76%
Magic:  7/7        EV: 14    Int: 13    God:    Zin [***...]
Gold:   185        SH:  0    Dex: 18    Spells: 5/5 levels left

rFire    . . .     SeeInvis .   a - +0 hand axe
rCold    . . .     Gourm    .   (no shield)
rNeg     . . .     Faith    .   y - +0 chain mail
rPois    .         Spirit   .   (helmet restricted)
rElec    .         Reflect  .   q - +0 cloak
rCorr    .         Harm     .   d - +2 pair of gloves {Str+3}
MR       .....                  (no boots)
Stlth    ..........             (no amulet)
HPRegen  0.18/turn              (no ring)
MPRegen  0.10/turn              (no ring)

@: mighty, brilliant, agile
A: horns 1, dopey 1, wild magic 1
a: Recite, Vitalisation, Imprison, Donate Gold, Renounce Religion


You were on level 4 of the Dungeon.
You worshipped Zin.
Zin was most pleased with you.
You were not hungry.

You visited 1 branch of the dungeon, and saw 4 of its levels.

You collected 205 gold pieces.
You donated 20 gold pieces to Zin.

Inventory:

Hand Weapons
 a - a +0 hand axe (weapon)
Missiles
 o - 2 javelins (quivered)
Armour
 d - a +2 pair of gloves of strength (worn)
 q - a +0 cloak (worn)
 y - a +0 chain mail (worn)
Jewellery
 p - an uncursed ring of ice {unknown}
Wands
 s - a wand of iceblast (8)
Scrolls
 b - a scroll of fog {unknown}
 e - 7 scrolls of identify {unknown}
 f - 5 scrolls of enchant armour {unknown}
 g - 2 scrolls of teleportation {unknown}
 h - a scroll of amnesia {unknown}
 j - 2 scrolls of remove curse {unknown}
 n - 2 scrolls of fear {unknown}
 u - a scroll of magic mapping {unknown}
 w - a scroll of noise {unknown}
 x - a scroll of random uselessness {unknown}
 z - a scroll of enchant weapon {unknown}
Potions
 m - a potion of lignification
Comestibles
 c - 3 rations


   Skills:
 + Level 5.6 Fighting
 * Level 7.9 Axes
 + Level 1.3 Armour
 - Level 2.4 Dodging
 - Level 1.5 Stealth
 + Level 1.7 Invocations


You had 5 spell levels left.
You didn't know any spells.
Your spell library was empty.

Dungeon Overview and Level Annotations

Branches:
Dungeon (4/15)
 Temple: D:4-7

Altars:
Zin

Shops:
D:4 *


Innate Abilities, Weirdness & Mutations

You have a pair of small horns on your head.
You are dopey. (Int -2)
Your spells are a little harder to cast, but a little more powerful.


Message History

Things that are here:
a +0 club; a scroll labeled JEOV NUGHITHIH; a gnoll corpse You barely miss the gnoll.
Your headbutt misses the gnoll.
The gnoll is moderately wounded.
The gnoll hits you but does no damage.
You slash the gnoll!
You kill the gnoll!
The gnoll misses you. The gnoll hits you with a +0 halberd!
* * * LOW HITPOINT WARNING * * *
Things that are here:
a +0 spear; a gnoll corpse You closely miss the gnoll.
Your headbutt misses the gnoll. The gnoll barely misses you.
You slash the gnoll!
You kill the gnoll!
You slash the phantom! Your headbutt misses the phantom.
The phantom is moderately damaged.
The phantom hits you.
You die...

...........##.......#......[.#.#.
..........##.....[.#........#.#.
..........####.#)...........####
.......W..# #.#.####.......#...
#)# #...........##.#.##
###.######.#.#####.####..... .#
#........#.#.......######.## .#.#
#........########....####.## .#.#
#.........W@)...............
.#.#.#........########....####.#.
.#.#.########## ###### #.#.
...#.# #.#. ...#.### #.#<
........ #.#. .#.#.### #.#.
.#.#.#.##### ##### #.#.
............ ##...##### #.#.


You could see a phantom.

Vanquished Creatures
  A howler monkey (D:4)
  2 orc wizards
  An iguana (D:4)
  A hound skeleton (D:4)
  4 gnolls (D:4)
  8 adders
  An ooze (D:1)
  An adder skeleton (D:2)
  5 worms
  4 dart slugs
  3 leopard geckos (D:1)
  6 orcs
  11 bats
  A bat skeleton (D:2)
  5 giant cockroaches
  13 hobgoblins
  5 jackals
  8 kobolds
  A quokka (D:2)
  9 frilled lizards
  9 goblins
  A leopard gecko skeleton (D:2)
  A quokka zombie (D:2)
  10 rats
111 creatures vanquished.

Notes
Turn   | Place    | Note
-------+----------+-------------------------------------------
     0 | D:1      | Mrkan the Hill Orc Monk began the quest for the Orb.
     0 | D:1      | Reached XP level 1. HP: 19/19 MP: 1/1
    80 | D:1      | Reached XP level 2. HP: 27/27 MP: 2/2
   420 | D:1      | Reached skill level 5 in Axes
   433 | D:1      | Reached XP level 3. HP: 33/33 MP: 3/3
  1130 | D:2      | Reached XP level 4. HP: 41/41 MP: 4/4
  1555 | D:2      | Reached skill level 6 in Axes
  2164 | D:3      | Reached XP level 5. HP: 30/47 MP: 5/5
  2600 | D:3      | Reached skill level 5 in Fighting
  2849 | D:3      | Reached skill level 7 in Axes
  3265 | D:4      | Found Zin's Purification Station.
  3266 | D:4      | Found a glowing silver altar of Zin.
  3274 | D:4      | Became a worshipper of Zin the Law-Giver
  3274 | D:4      | Reached * piety under Zin
  3274 | D:4      | Reached ** piety under Zin
  3405 | D:4      | Reached XP level 6. HP: 49/56 MP: 6/6
  3448 | D:4      | Reached skill level 1 in Invocations
  3489 | D:4      | Reached skill level 1 in Armour
  3521 | D:4      | Reached *** piety under Zin
  3902 | D:4      | Noticed a phantom
  3934 | D:4      | Gained mutation: Your spells are a little harder to cast,
                  | but a little more powerful. [potion of mutation]
  3934 | D:4      | Gained mutation: You are dopey. (Int -2) [potion of
                  | mutation]
  3934 | D:4      | Gained mutation: You have a pair of small horns on your
                  | head. [potion of mutation]
  3976 | D:4      | HP: 2/56 [gnoll/+0 halberd (8)]
  3979 | D:4      | Slain by a phantom

Levels and vault maps discovered:
D:1:      dpeg_arrival_boxorama, layout_loops_ring, minmay_heptomino_w4
D:2:      layout_loops_ring, serial_undead, serial_undead_f, serial_undead_f,
          serial_undead_d, serial_undead_a
D:3:      layout_loops_ring
D:4:      layout_basic, zin_purify, first_ration

Skill      XL: |  1  2  3  4  5  6 |
---------------+-------------------+-----
Fighting       | 4 5 |  5.6
Axes           | 5 6 7 |  7.9
Invocations    | 1 |  1.7
Armour         | 1 |  1.3
Dodging        | |  2.4
Stealth        | |  1.5

Action                   |  1- 3 |  4- 6 || total
-------------------------+-------+-------++-------
Melee: Hand axe          |   121 |   345 ||   466
Invok: Recite            |       |     1 ||     1
  Use: Potion            |       |     6 ||     6
 Stab: Sleeping          |     4 |     3 ||     7
  Eat: Chunk             |       |    10 ||    10
Armor: Robe              |    46 |    22 ||    68
       Scale mail        |       |    82 ||    82
       Chain mail        |       |    51 ||    51
       Skin              |       |    26 ||    26
Dodge: Dodged            |   115 |   185 ||   300
